AoeStats
← Eugenius

African Clearing

507011603Analyzed
4v4 RM · 16d ago on Sep 16, 2026· 37m 47s· 8 players
Game mode
Random Map
Map size
Large (8 player)
Population
200
Speed
Normal
Resources
Standard
Victory
Conquest
Starting age
Dark Age
Ending age
Imperial Age
RankedLock teamsTeams togetherTeam positionsShared explorationLock speedFull tech treeHidden civsTurbo modeCheats
Victory
Defeat
🇨🇳 Jurchens · China
1679
+15
🇵🇪 Magyars · Peru
1630
+17
🇷🇺 Mongols · Russia
1630
+17
🇦🇷 Persians · Argentina
1583
+20
🇦🇷 Chinese · Argentina
1742
-20
🇨🇳 Persians · China
1665
-18
🇨🇳 Mongols · China
1620
-16
🇻🇳 Huns · Vietnam
1614
-15
超级硬邦邦
4:41 Loom
12:26 Feudal Age
13:24 Double-Bit Axe
Đà Lạt
14:35 Feudal Age
18:49 Castle Age
16:59 Double-Bit Axe
17:28 Fishing Lines
17:53 Horse Collar
19:34 Gillnets
24:52 Wheelbarrow
26:24 Gold Mining
26:25 Stone Mining
26:46 Bow Saw
28:47 Loom
31:39 Imperial Age
30:52 Bloodlines
31:07 Scale Barding Armor
31:50 Forging
31:42 Husbandry
33:05 Marauders
33:26 Conscription
33:28 Chain Barding Armor
33:37 Fletching
35:09 Plate Barding Armor
35:38 Iron Casting
38:40 Blast Furnace
qeozouwajqnl
3:06 Loom
11:36 Feudal Age
12:17 Double-Bit Axe
16:48 Fletching
19:00 Town Watch
23:11 Castle Age
21:30 Horse Collar
22:49 Gold Mining
23:14 Crossbowman
23:49 Bodkin Arrow
24:23 Bow Saw
26:01 Padded Archer Armor
30:59 Ballistics
33:41 Stone Mining
34:53 Wheelbarrow
36:48 Hand Cart
37:35 Masonry
40:12 Imperial Age
十大地方
10:08 Loom
12:19 Feudal Age
24:11 Castle Age
24:29 Double-Bit Axe
24:31 Horse Collar
25:19 Fletching
25:30 Padded Archer Armor
26:11 Bodkin Arrow
27:12 Town Watch
28:03 Wheelbarrow
Eugenius
11:35 Feudal Age
13:08 Bloodlines
12:48 Loom
20:12 Scale Barding Armor
32:16 Castle Age
32:20 Light Cavalry
33:03 Husbandry
33:29 Chain Barding Armor
Tequila Sunset
11:25 Loom
13:10 Feudal Age
17:51 Castle Age
15:56 Double-Bit Axe
19:10 Bow Saw
20:07 Gold Mining
22:54 Horse Collar
26:44 Scale Barding Armor
28:58 Chain Barding Armor
30:21 Wheelbarrow
30:19 Husbandry
30:30 Bloodlines
33:38 Forging
36:06 Hand Cart
35:37 Town Watch
儒门大吊-日食
9:33 Loom
12:07 Feudal Age
13:51 Town Watch
21:16 Fletching
23:02 Wheelbarrow
23:40 Padded Archer Armor
28:58 Castle Age
27:34 Double-Bit Axe
38:22 Bow Saw
Legate
11:32 Feudal Age
10:33 Loom
15:57 Castle Age
14:24 Double-Bit Axe
15:23 Gold Mining
17:04 Bow Saw
19:33 Fletching
21:15 Bodkin Arrow
26:05 Horse Collar
29:27 Padded Archer Armor
32:00 Wheelbarrow
32:54 Ballistics
33:38 Hand Cart
35:17 Stone Mining
36:42 Town Watch
37:29 Leather Archer Armor
Connection lost

Rejoining the realm…

Still unreachable

The connection could not be restored.

Session expired

The server has moved on; the page needs a fresh start.